 Dungeon Crawl Stone Soup version 0.26.1-15-g04117e645d (webtiles) character file.

Game seed: 9130373572723458406

327 Froggeryz the Conjurer (level 6, -5/36 HPs)
             Began as an Octopode Conjurer on Aug 30, 2022.
             Slain by a two-headed ogre
             ... wielding a +0 giant club
              (8 damage)
             ... on level 4 of the Dungeon.
             The game lasted 00:05:59 (4321 turns).

Froggeryz the Conjurer (Octopode Conjurer)          Turns: 4321, Time: 00:05:59

Health: -5/36      AC:  1    Str:  7    XL:     6   Next: 50%
Magic:  0/11       EV: 13    Int: 21    God:
Gold:   161        SH:  0    Dex: 11    Spells: 5/12 levels left

rFire    . . .     SeeInvis .   (no weapon)
rCold    . . .     Faith    .   (no shield)
rNeg     . . .     Spirit   .   (helmet restricted)
rPois    .         Reflect  .   (no amulet)
rElec    .         Harm     .   (no ring)
rCorr    .         Rampage  .   (no ring)
Will     .....                  (no ring)
Stlth    +++.......             (no ring)
HPRegen  0.12/turn              (no ring)
MPRegen  0.12/turn              (no ring)
                                (no ring)
                                (no ring)

@: no status effects
A: almost no armour, stealthy swim, amphibious, 8 rings, constrict 8, camouflage
1, gelatinous body 1
a: no special abilities


You were on level 4 of the Dungeon.
You visited 1 branch of the dungeon, and saw 4 of its levels.

You collected 161 gold pieces.

Inventory:

Jewellery
 m - an uncursed amulet of faith {unknown}
 o - a +6 ring of intelligence {unknown}
Wands
 b - a wand of random effects (23)
 f - a wand of digging (4)
Scrolls
 d - 4 scrolls of amnesia
 g - a scroll of magic mapping {unknown}
 k - a scroll of identify {unknown}
Potions
 a - a potion of invisibility {unknown}
 c - 4 potions of brilliance {unknown}
 e - 3 potions of berserk rage {unknown}
 h - a potion of cancellation {unknown}
 i - a potion of flight {unknown}
 j - 2 potions of mutation {unknown}
 l - 4 potions of curing {unknown}
 n - 2 potions of lignification {unknown}


   Skills:
 - Level 2.0 Dodging
 - Level 2.6 Stealth
 + Level 3.8 Spellcasting
 * Level 6.6 Conjurations


You had 5 spell levels left.
You knew the following spells:

 Your Spells              Type           Power        Failure   Level
a - Magic Dart            Conj           100%         1%          1
b - Searing Ray           Conj           62%          1%          2
c - Fulminant Prism       Conj/Hex       8%           30%         4

Your spell library contained the following spells:

 Spells                   Type           Power        Failure   Level
 Dazzling Flash           Conj/Hex       34%          10%         3
 Iskenderun's Mystic Bla  Conj/Tloc      17%          30%         4


Dungeon Overview and Level Annotations

Branches:
Dungeon (4/15)
 Temple: D:4-7

Altars:
Trog
Zin
The Shining One


Innate Abilities, Weirdness & Mutations

You cannot wear most types of armour.
You are very stealthy in the water. (Stealth+)
You are amphibious.
You can wear up to eight rings at the same time.
You can use your tentacles to constrict eight enemies at once.
Your skin changes colour to match your surroundings (Stealth+).
Your rubbery body absorbs attacks. (AC +1, EV +1)


Message History

The two-headed ogre misses you.
The searing ray hits the two-headed ogre!
The two-headed ogre is severely wounded.
You finish channeling your searing ray.
Casting: Searing Ray (safe; 1% risk of failure)
Confirm with . or Enter, or press ? or * to list all spells.
Aiming: Searing Ray (safe; 1% risk of failure)
Press: ? - help, Shift-Dir - straight line, f/p - two-headed ogre
Aim: a two-headed ogre, wielding two +0 giant clubs (severely wounded, 10% to evade)
The searing ray hits the two-headed ogre!
The two-headed ogre is almost dead. (Press . to maintain the ray.)
The two-headed ogre hits you with a +0 giant club!!
Ouch! That really hurt!
The two-headed ogre hits you with a +0 giant club!
* * * LOW HITPOINT WARNING * * *
The searing ray hits the two-headed ogre.
The two-headed ogre is almost dead.
The two-headed ogre hits you with a +0 giant club!
You die...

###.#
#.#.###.#.#
#..# .. #.#.#
##### ####
#.#.# ##8##
#...##8...8
###.##.....
#.#_.....
#.##.....
####.##8...8
#.O@.# ##8##
#.#### ## #.#
#.# ...
##.........##
............#
#..........#
#.......$..##


You could see a two-headed ogre.

Vanquished Creatures
  An orc priest (D:2)
  An orc wizard (D:2)
  Terence (D:2)
  Natasha (thrice) (D:2)
  A worker ant (D:3)
  3 adders
  3 oozes
  5 worms
  4 dart slugs
  3 leopard geckos
  6 orcs
  8 bats
  3 giant cockroaches
  7 goblins
  5 hobgoblins (D:2)
  4 jackals (D:2)
  8 kobolds
  4 quokkas
  2 ball pythons
  5 frilled lizards
  8 rats
85 creatures vanquished.

Vanquished Creatures (others)
  A wizard (D:3)
  A fulminant prism (D:4)
2 creatures vanquished.

Grand Total: 87 creatures vanquished

Notes
Turn   | Place    | Note
-------+----------+-------------------------------------------
     0 | D:1      | Froggeryz the Octopode Conjurer began the quest for the
                  | Orb.
     0 | D:1      | Reached XP level 1. HP: 11/11 MP: 3/3
   286 | D:1      | Reached XP level 2. HP: 17/17 MP: 0/5
  1103 | D:2      | Reached XP level 3. HP: 21/21 MP: 4/6
  1134 | D:2      | Found a bloodstained altar of Trog.
  1136 | D:2      | Noticed Natasha
  1178 | D:1      | Learned a level 2 spell: Searing Ray
  1182 | D:2      | Killed Natasha
  1230 | D:2      | Noticed Natasha
  1234 | D:2      | Killed Natasha
  1235 | D:2      | Reached skill level 5 in Conjurations
  1235 | D:2      | Reached XP level 4. HP: 27/27 MP: 2/8
  1297 | D:2      | Noticed Terence
  1302 | D:2      | Killed Terence
  1592 | D:2      | Noticed Natasha
  1597 | D:2      | Killed Natasha
  1598 | D:2      | Reached XP level 5. HP: 21/31 MP: 4/9
  1797 | D:2      | Reached skill level 6 in Conjurations
  2233 | D:2      | Reached XP level 6. HP: 36/36 MP: 6/11
  2323 | D:2      | Found a glowing golden altar of the Shining One.
  3605 | D:3      | Found a bloodstained altar of Trog.
  3606 | D:3      | Noticed a wizard
  3611 | D:3      | Killed a wizard
  3927 | D:4      | Noticed a two-headed ogre
  4188 | D:4      | Learned a level 4 spell: Fulminant Prism
  4300 | D:4      | Found a glowing silver altar of Zin.
  4321 | D:4      | Slain by a two-headed ogre

Illustrated notes

Levels and vault maps discovered:
D:1:      minmay_arrival_five_plusses, layout_loops_corners
D:2:      layout_rooms, lemuel_coloured_pillars_altar, old_standard_altar,
          kennysheep_generic_room_15, uniq_terence, uniq_natasha
D:3:      layout_loops_ring, corexii_item_surrounded_by_moat,
          grunt_decor_mini_mirrors, minmay_crystal_room, trog_wizard
D:4:      layout_loops_ring, kennysheep_little_box,
          nicolae_overflow_hidden_temple, serial_bayou_pond_b,
          okawaru_ov_weapons_minmay, uniq_pikel

Skill      XL: |  1  2  3  4  5 |
---------------+----------------+-----
Conjurations   | 5 6 |  6.6
Spellcasting   | 3 |  3.8
Dodging        | |  2.0
Stealth        | |  2.6

Action                   |  1- 3 |  4- 6 || total
-------------------------+-------+-------++-------
Melee: Unarmed           |     1 |    19 ||    20
       Constrict         |       |     3 ||     3
       Tentacles         |       |     2 ||     2
 Cast: Magic Dart        |    35 |    82 ||   117
       Searing Ray       |     2 |    20 ||    22
       Fulminant Prism   |       |     1 ||     1
  Use: Scroll            |     3 |       ||     3
 Stab: Sleeping          |       |     2 ||     2
Armor: Skin              |       |     2 ||     2
Dodge: Dodged            |     1 |    28 ||    29
